 Dungeon Crawl Stone Soup version 0.27.1-16-g815e20cd7a (webtiles) character file.

Game seed: 1546707335638153334

2639 bearlyready the Sneak (level 9, -6/66 HPs)
             Began as a Gnoll Enchanter on Nov 21, 2021.
             Mangled by an orc warrior (7 damage)
             ... on level 6 of the Dungeon.
             The game lasted 00:14:43 (9217 turns).

bearlyready the Sneak (Gnoll Enchanter)             Turns: 9217, Time: 00:14:43

Health: -6/66      AC:  6    Str:  7    XL:     9   Next: 61%
Magic:  11/19      EV: 14    Int: 17    God:
Gold:   134        SH:  0    Dex: 14    Spells: 12/21 levels left

rFire    . . .     SeeInvis .   m - +4 rapier (holy)
rCold    + . .     Faith    .   (no shield)
rNeg     + + .     Spirit   .   n - +1 leather armour {rN+}
rPois    +         Reflect  .   (no helmet)
rElec    .         Harm     .   p - +1 cloak {rCorr}
rCorr    +         Rampage  .   (no gloves)
Will     .....                  (no boots)
Stlth    +.........             (no amulet)
HPRegen  0.21/turn              D - ring of positive energy
MPRegen  0.16/turn              (no ring)

@: confused
A: fangs 1, strong nose, distributed training, cold resistance 1, poison
resistance, screaming 1
a: no special abilities


You were on level 6 of the Dungeon.
You visited 1 branch of the dungeon, and saw 6 of its levels.

You collected 216 gold pieces.
You spent 82 gold pieces at shops.

Inventory:

Hand Weapons
 a - a +1 dagger
 m - a +4 rapier of holy wrath (weapon)
 u - a +0 spear of venom
 v - a +0 hunting sling
 y - a +3 flail of draining
 B - a +2 scythe of venom
 E - the +6 trident of Risk Management {antimagic, Int+4}
   (You found it on level 5 of the Dungeon)

   It reduces the magical energy of the wielder, and disrupts the spells and
   magical abilities of those it strikes.
   Natural abilities and divine invocations are not affected.
   Int:       It affects your intelligence (+4).
Missiles
 d - 92 sling bullets
 f - 42 poisoned darts (quivered)
 h - 90 arrows
 j - 142 stones
 t - a throwing net
 x - 75 bolts
 G - 4 boomerangs
Armour
 b - a +0 robe
 l - a +0 ring mail
 n - a +1 leather armour of positive energy (worn)
 p - a +1 cloak of preservation (worn)
 C - a +3 ring mail
Magical Staves
 c - a staff of fire
Jewellery
 D - a ring of positive energy (left hand)
Wands
 s - a wand of iceblast (3)
 A - a wand of flame (27)
 H - a wand of polymorph (14)
Scrolls
 e - 3 scrolls of identify {unknown}
 g - a scroll of immolation {unknown}
 i - a scroll of blinking
 k - a scroll of fog {unknown}
 o - 2 scrolls of enchant armour {unknown}
 q - a scroll of noise {unknown}
 r - a scroll of magic mapping {unknown}
 w - a scroll of enchant weapon {unknown}
 F - a scroll of vulnerability {unknown}
Potions
 z - a potion of mutation


   Skills:
 + Level 4.4 Fighting
 + Level 5.2 Short Blades
 + Level 4.4 Long Blades
 + Level 4.4 Axes
 + Level 4.4 Maces & Flails
 + Level 4.4 Polearms
 + Level 4.4 Staves
 + Level 4.4 Slings
 + Level 4.4 Bows
 + Level 4.4 Crossbows
 + Level 4.4 Throwing
 + Level 4.4 Armour
 + Level 6.4 Dodging
 + Level 7.5 Stealth
 + Level 4.4 Shields
 + Level 4.4 Unarmed Combat
 + Level 6.7 Spellcasting
 + Level 3.6 Conjurations
 + Level 6.6 Hexes
 + Level 3.6 Summonings
 + Level 3.6 Necromancy
 + Level 3.6 Translocations
 + Level 3.6 Transmutations
 + Level 3.6 Fire Magic
 + Level 3.6 Ice Magic
 + Level 3.6 Air Magic
 + Level 3.6 Earth Magic
 + Level 3.6 Poison Magic
 + Level 4.9 Invocations
 + Level 4.4 Evocations


You had 12 spell levels left.
You knew the following spells:

 Your Spells              Type           Power      Damage    Failure   Level
a - Corona                Hex            31%        N/A       1%          1
b - Ensorcelled Hibernat  Hex/Ice        46%        N/A       3%          2
c - Confusing Touch       Hex            28%        N/A       3%          3
d - Tukima's Dance        Hex            28%        N/A       3%          3

Your spell library contained the following spells:

 Spells                   Type           Power      Damage    Failure   Level
 Dazzling Flash           Conj/Hex       46%        N/A       6%          3


Dungeon Overview and Level Annotations

Branches:
Dungeon (6/15)
 Temple: D:4-7

Altars:
Dithmenos
Fedhas
Okawaru
Sif Muna
Wu Jian

Shops:
D:3 (?*?

Annotations:
D:4 3 runed translucent doors, Joey1's ghost, amateur GrFi


Innate Abilities, Weirdness & Mutations

You have very sharp teeth.
Your uncanny sense of smell can sniff out nearby items.
Your experience applies equally to all skills.
Your flesh is cold resistant. (rC+)
Your system is resistant to poisons. (rPois)
You occasionally shout uncontrollably at your foes.


Message History

Casting: Tukima's Dance (dangerous; 3% risk of failure)
Confirm with . or Enter, or press ? or * to list all spells.
Aiming: Tukima's Dance (dangerous; 3% risk of failure)
Press: ? - help, Shift-Dir - straight line, f - orc warrior, p - orc
Aim: an orc warrior, wielding a +0 war axe and wearing a +0 plate armour (chance to affect: 68%)
The orc warrior struggles to resist.
The orc misses you.
The orc wizard gestures at you while chanting.
The magic dart hits you. The orc warrior misses you.
The orc closely misses you.
Casting: Tukima's Dance (dangerous; 3% risk of failure)
Confirm with . or Enter, or press ? or * to list all spells.
Aiming: Tukima's Dance (dangerous; 3% risk of failure)
Press: ? - help, Shift-Dir - straight line, f/p - orc warrior
Aim: an orc warrior, wielding a +0 war axe and wearing a +0 plate armour (chance to affect: 68%)
The orc warrior struggles to resist.
The orc hits you.
The orc warrior hits you with a +0 war axe!!
* * * LOW HITPOINT WARNING * * *
The orc warrior closely misses your +0 morningstar.
Your +0 morningstar hits the orc!
The orc dies!
The orc wizard hits you but does no damage.
An iguana comes into view.
The orc warrior hits your +0 morningstar with a +0 war axe!
Your +0 morningstar falls from the air.
The orc wizard gestures at you while chanting.
You are confused.
You are too confused!
Unknown command.
Really quaff the potion of mutation?
Okay, then.
You are too confused!
Unknown command.
You are too confused!
Unknown command.
Okay, then.
The orc wizard casts a spell at you. The puff of flame hits you!
* * * LOW HITPOINT WARNING * * *
The orc warrior hits you with a +0 war axe!
You die...

#..... ##..... .o
#.....# '### #....l#
..... #.....# .....
#.....#......
#...(.#......
#.o)o.'......
#.@...#...... #####
#.....#.....8 ....#
#.....###.... ....#
#.......###.. ....#
#.......# # ....#
#.......# ....#
#.......#
....###########.......#
..................##'##
∆


You could see an orc warrior, an iguana and an orc wizard.

Vanquished Creatures
  Pikel (D:4)
  Grinder (D:5)
  Sigmund (D:5)
  Eustachio (D:4)
  Menkaure (D:6)
  Edmund (D:5)
  A water moccasin (D:5)
  3 sky beasts
  2 ice beasts
  An ogre (D:5)
  A centaur (D:6)
  A lemure (D:4)
  A phantom (D:5)
  A gnoll sergeant (D:6)
  A water moccasin zombie (D:5)
  A water moccasin skeleton (D:4)
  4 iguanas
  2 orc wizards
  Ijyb (D:3)
  Natasha (twice) (D:4)
  A killer bee zombie (D:5)
  7 gnolls
  6 adders
  3 ufetubi
  3 worms
  4 dart slugs
  5 orcs
  10 endoplasms
  3 giant cockroaches
  5 goblins
  5 hobgoblins
  12 jackals
  8 quokkas
  8 ball pythons
  4 bats
  3 frilled lizards
  9 kobolds
  4 rats
128 creatures vanquished.

Vanquished Creatures (collateral kills)
  An orc warrior (D:6)
  An orc priest (D:6)
  An orc (D:6)
3 creatures vanquished.

Vanquished Creatures (others)
  A dancing weapon (D:6)
  3 fungi (D:5)
4 creatures vanquished.

Grand Total: 135 creatures vanquished

Notes
Turn   | Place    | Note
-------+----------+-------------------------------------------
     0 | D:1      | bearlyready the Gnoll Enchanter began the quest for the
                  | Orb.
     0 | D:1      | Reached XP level 1. HP: 13/13 MP: 6/6
   453 | D:1      | Reached XP level 2. HP: 13/19 MP: 7/7
  1393 | D:1      | Reached XP level 3. HP: 12/25 MP: 9/9
  1590 | D:1      | Learned a level 2 spell: Ensorcelled Hibernation
  1594 | D:1      | Learned a level 3 spell: Confusing Touch
  1598 | D:1      | Learned a level 3 spell: Tukima's Dance
  1606 | D:1      | Reached skill level 5 in Spellcasting
  1649 | D:1      | Reached skill level 6 in Stealth
  1720 | D:1      | Reached skill level 1 in Invocations
  2254 | D:2      | Found a faded altar of an unknown god.
  2437 | D:2      | Reached skill level 1 in Fighting
  2437 | D:2      | Reached skill level 1 in Long Blades
  2437 | D:2      | Reached skill level 1 in Axes
  2437 | D:2      | Reached skill level 1 in Maces & Flails
  2437 | D:2      | Reached skill level 1 in Polearms
  2437 | D:2      | Reached skill level 1 in Staves
  2437 | D:2      | Reached skill level 1 in Slings
  2437 | D:2      | Reached skill level 1 in Bows
  2437 | D:2      | Reached skill level 1 in Crossbows
  2437 | D:2      | Reached skill level 1 in Throwing
  2437 | D:2      | Reached skill level 1 in Armour
  2437 | D:2      | Reached skill level 1 in Shields
  2437 | D:2      | Reached skill level 1 in Unarmed Combat
  2437 | D:2      | Reached skill level 1 in Evocations
  2458 | D:2      | Reached XP level 4. HP: 32/32 MP: 11/11
  3094 | D:2      | Reached skill level 1 in Conjurations
  3094 | D:2      | Reached skill level 1 in Summonings
  3094 | D:2      | Reached skill level 1 in Necromancy
  3094 | D:2      | Reached skill level 1 in Translocations
  3094 | D:2      | Reached skill level 1 in Transmutations
  3094 | D:2      | Reached skill level 1 in Fire Magic
  3094 | D:2      | Reached skill level 1 in Ice Magic
  3094 | D:2      | Reached skill level 1 in Air Magic
  3094 | D:2      | Reached skill level 1 in Earth Magic
  3094 | D:2      | Reached skill level 1 in Poison Magic
  3685 | D:3      | Found Keilam's Assorted Antiques.
  3796 | D:3      | Found Zienuz Xana's Antique Weapon Shop.
  4120 | D:3      | Found Xarueviah's Magic Scroll Emporium.
  4144 | D:3      | Bought a scroll of blinking for 82 gold pieces
  4334 | D:3      | Found Barphixe's Magic Scroll Boutique.
  4368 | D:3      | Found a shadowy altar of Dithmenos.
  4530 | D:3      | Reached XP level 5. HP: 36/37 MP: 12/12
  4947 | D:4      | Found an ornate altar of the Wu Jian Council.
  5334 | D:4      | Noticed Ijyb
  5353 | D:3      | Killed Ijyb
  5354 | D:3      | Reached XP level 6. HP: 34/44 MP: 2/13
  5703 | D:4      | Reached skill level 5 in Dodging
  5908 | D:4      | Found a runed translucent gate.
  5909 | D:4      | Found a runed translucent gate.
  5909 | D:4      | Found a runed translucent gate.
  5910 | D:4      | Noticed Joey1's ghost (amateur GrFi)
  5943 | D:4      | Noticed Eustachio
  5966 | D:4      | Killed Eustachio
  5967 | D:4      | Reached XP level 7. HP: 28/50 MP: 15/15
  6210 | D:4      | Noticed Natasha
  6217 | D:4      | Killed Natasha
  6297 | D:4      | Found an iron altar of Okawaru.
  6563 | D:4      | Noticed Natasha
  6569 | D:4      | Killed Natasha
  6692 | D:5      | Entered Level 5 of the Dungeon
  6858 | D:5      | Noticed Grinder
  6875 | D:5      | Killed Grinder
  6876 | D:5      | Reached XP level 8. HP: 57/58 MP: 11/16
  7080 | D:5      | Noticed Pikel
  7279 | D:4      | Killed Pikel
  7280 | D:4      | Reached skill level 7 in Stealth
  7428 | D:5      | Noticed Edmund
  7440 | D:5      | Killed Edmund
  7441 | D:5      | Reached XP level 9. HP: 62/65 MP: 14/18
  7515 | D:5      | Noticed Sigmund
  7519 | D:5      | Killed Sigmund
  7669 | D:5      | Found a blossoming altar of Fedhas.
  7683 | D:5      | Identified the +6 trident of Risk Management {antimagic,
                  | Int+4}
  7904 | D:5      | Found a shimmering blue altar of Sif Muna.
  8345 | D:6      | Reached skill level 5 in Short Blades
  8585 | D:6      | Noticed Menkaure
  8599 | D:6      | Gained mutation: Your system is resistant to poisons.
                  | (rPois) [potion of mutation]
  8599 | D:6      | Gained mutation: You occasionally shout uncontrollably at
                  | your foes. [potion of mutation]
  8599 | D:6      | Gained mutation: Your flesh is cold resistant. (rC+)
                  | [potion of mutation]
  8599 | D:6      | HP: 3/65 [Menkaure/nerve-wracking pain (3)]
  8601 | D:6      | Killed Menkaure
  9217 | D:6      | HP: 1/66 [orc wizard/puff of flame (7)]
  9217 | D:6      | Mangled by an orc warrior

Illustrated notes

Levels and vault maps discovered:
D:1:      minmay_arrival_radiant_lines, layout_rooms
D:2:      layout_loops_ring, hellmonk_ecumenical_altar_crossroads
D:3:      layout_loops_ring, nicolae_dithmenos_the_darkroom, serial_shops, shop,
          shop_scrolls, nicolae_lakefront_shop, shop,
          chequers_serial_rivers_micro_a
D:4:      layout_basic, mainiacjoe_overflow_catwalk,
          mainiacjoe_overflow_concentric_impassable, ebering_ghost_rock_garden,
          st_stairs_4, uniq_natasha, uniq_ijyb, uniq_eustachio
D:5:      layout_basic, lemuel_coloured_pillars_altar,
          mainiacjoe_overflow_boulevard, uniq_sigmund, uniq_pikel, uniq_grinder,
          uniq_edmund
D:6:      layout_gridville, zin_statuary, mainiacjoe_overflow_six_doors_small,
          dancing_weapons_uskayaw, elyvilon_altar_5, uniq_menkaure

Skill      XL: |  1  2  3  4  5  6  7  8  9 |
---------------+----------------------------+-----
Spellcasting   | 5 6 |  6.7
Stealth        | 6 7 |  7.5
Invocations    | 1 2 3 4 |  4.9
Fighting       | 1 2 3 4 |  4.4
Long Blades    | 1 2 3 4 |  4.4
Axes           | 1 2 3 4 |  4.4
Maces & Flails | 1 2 3 4 |  4.4
Polearms       | 1 2 3 4 |  4.4
Staves         | 1 2 3 4 |  4.4
Slings         | 1 2 3 4 |  4.4
Bows           | 1 2 3 4 |  4.4
Crossbows      | 1 2 3 4 |  4.4
Throwing       | 1 2 3 4 |  4.4
Armour         | 1 2 3 4 |  4.4
Shields        | 1 2 3 4 |  4.4
Unarmed Combat | 1 2 3 4 |  4.4
Evocations     | 1 2 3 4 |  4.4
Conjurations   | 1 2 3 |  3.6
Summonings     | 1 2 3 |  3.6
Necromancy     | 1 2 3 |  3.6
Translocations | 1 2 3 |  3.6
Transmutations | 1 2 3 |  3.6
Fire Magic     | 1 2 3 |  3.6
Ice Magic      | 1 2 3 |  3.6
Air Magic      | 1 2 3 |  3.6
Earth Magic    | 1 2 3 |  3.6
Poison Magic   | 1 2 3 |  3.6
Short Blades   | 3 4 5 |  5.2
Dodging        | 5 6 |  6.4
Hexes          | 6 |  6.6

Action                   |  1- 3 |  4- 6 |  7- 9 || total
-------------------------+-------+-------+-------++-------
Melee: Dagger            |   200 |   272 |    47 ||   519
       Bite              |    12 |    23 |     9 ||    44
       Punch             |     1 |     1 |     2 ||     4
       Rapier            |       |       |   137 ||   137
Throw: Dart              |       |     4 |     2 ||     6
 Cast: Corona            |     9 |     2 |     4 ||    15
       Ensorcelled Hiber |     5 |    22 |    17 ||    44
       Confusing Touch   |     1 |       |     1 ||     2
       Tukima's Dance    |       |       |     6 ||     6
Evoke: Wand              |       |     3 |       ||     3
  Use: Potion            |       |     3 |     3 ||     6
       Scroll            |       |     1 |       ||     1
 Stab: Sleeping          |    12 |    18 |    17 ||    47
       Distracted        |     1 |       |       ||     1
       Confused          |       |       |     1 ||     1
Armor: Robe              |    27 |     4 |       ||    31
       Ring mail         |       |    92 |    21 ||   113
       Leather armour    |       |       |    30 ||    30
Dodge: Dodged            |   124 |   137 |   120 ||   381
